Match 42557647
Unlisted

Match 42557647
End
Kettenkrad Recon Vehicle
Construct Infanterie Kompanie
MG 42 Machine Gun Team
MG 42 Machine Gun Team
MG 42 Machine Gun Team
GrW 34 Mortar Team
Construct Panzergrenadier Kompanie
251 Medium Carrier
Pak 40 Anti-tank Gun Team
Support Elements
Nebelwerfer 42 Rocket Launcher Team
Selects Mechanized Battlegroup
Selects Mechanized Battlegroup
Selects Mobile Repair Stations
Selects Stoßtruppen Assault Package
Nebelwerfer 42 Rocket Launcher Team
StuG III G Assault Gun
StuG III G Assault Gun
-Wcy-
Pogi
A_Smoove
ChaBoiKevla
0
0

Comments sign in to comment!

No comments posted yet!